 Dungeon Crawl Stone Soup version 0.31-a0-344-gd109795599 (webtiles) character file.

Game seed: 14903366381025885110

22 garrulousMonolith the Changeling (level 2, 0/18 HPs)
             Began as an Octopode Shapeshifter on July 21, 2023.
             Slain by a gnoll
             ... wielding a +0 spear
              (10 damage)
             ... on level 2 of the Dungeon.
             The game lasted 00:00:39 (707 turns).

garrulousMonolith the Changeling (OpSh)              Turns: 707, Time: 00:00:39

Health: 0/18       AC:  1    Str: 14    XL:     2   Next: 91%
Magic:  2/2        EV: 13    Int: 10    God:
Gold:   93         SH:  0    Dex: 12    Spells: 1/1 levels left

rFire   . .          .
                       - Unarmed
rCold   . . .        (no shield)
rNeg    . . .        (helmet currently unavailable)
rPois   .            (no amulet)
rElec   .            (no ring)
rCorr   .            (no ring)
SInv    .            (no ring)
Will    .....        (no ring)
Stlth   +++          (no ring)
HPRegen 0.23/turn    (no ring)
MPRegen 0.08/turn    (no ring)
                     (no ring)

%: no passive effects
@: beast-form
A: beast (slay +2), almost no armour, amphibious, 8 rings, camouflage 1,
gelatinous body 1, (nimble swimmer 1), tentacles
a: Begin Untransformation


You were on level 2 of the Dungeon.
You were a hulking beast.
You visited 1 branch of the dungeon, and saw 2 of its levels.

You collected 93 gold pieces.

Inventory:

Missiles
 d - 6 javelins
Talismans
 b - a beast talisman
Scrolls
 c - a scroll of enchant armour {unknown}
Potions
 a - a potion of lignification
 f - a potion of might {unknown}
 g - a potion of brilliance {unknown}


   Skills:
 + Level 1.3 Fighting
 + Level 2.1 Dodging
 + Level 1.2 Stealth
 + Level 3.1 Unarmed Combat
 * Level 3.3 Shapeshifting


You had one spell level left.
You didn't know any spells.
Your spell library contained the following spells:

 Spells                   Type           Power      Damage    Failure   Level
 Slow                     Hex            0%         N/A       36%         1
 Confusing Touch          Hex            0%         N/A       75%         3
 Vampiric Draining        Necr           0%         2d6       75%         3
 Alistair's Intoxication  Tmut/Pois      0%         N/A       100%        5
 Borgnjor's Vile Clutch   Necr/Erth      0%         N/A       100%        5
 Eringya's Noxious Bog    Tmut/Pois      0%         4d6       100%        6


Dungeon Overview and Level Annotations

Branches:
Dungeon (2/15)

Altars:

Annotations:
D:2 Terence


Innate Abilities, Weirdness & Mutations

You are a hulking beast.
Your limbs bulge with bestial killing power. (Slay +2)
You cannot wear most types of armour.
You are amphibious.
You can wear up to eight rings at the same time.
Your skin changes colour to match your surroundings (Stealth+).
Your rubbery body absorbs attacks. (AC +1, EV +1)
((You are camouflaged when in or above water. (Stealth+)))
You have tentacles for arms and can constrict up to eight enemies at once.


Message History

You are too injured to fight recklessly!
You are too injured to fight recklessly!
You are too injured to fight recklessly!
You are too injured to fight recklessly!
You are too injured to fight recklessly!
You are too injured to fight recklessly!
You are too injured to fight recklessly!
You are too injured to fight recklessly!
You are too injured to fight recklessly!
You are too injured to fight recklessly!
You are too injured to fight recklessly!
You are too injured to fight recklessly!
You are too injured to fight recklessly!
You bludgeon the worm!
You kill the worm!
You tentacle-slap the endoplasm. You squeeze the endoplasm.
You kill the endoplasm!
You tentacle-slap the hobgoblin but do no damage.
You grab the hobgoblin. You constrict the hobgoblin.
The hobgoblin barely misses you.
You tentacle-slap the hobgoblin. You squeeze the hobgoblin.
The hobgoblin is almost dead.
You constrict the hobgoblin.
You kill the hobgoblin!
The gnoll misses you.
You tentacle-slap the rat.
You kill the rat!
The gnoll closely misses you. The gnoll hits you with a +0 spear.
You barely miss the gnoll. You grab the gnoll.
You constrict the gnoll, but do no damage.
The gnoll hits you with a +0 spear.
* * * LOW HITPOINT WARNING * * *
Okay, then.
Really quaff the potion of lignification?
Okay, then.
It was a potion of curing.
You feel better.
You constrict the gnoll. The gnoll hits you with a +0 spear!
Ouch! That really hurt!
You die...

##.S#
#.....
#......
##..>.(.^
#....Jw^.
##...^....
#w..w.....
#g#...^^..
#h##.^....
#.# #.....
#.## #...#
#..# ....
##.# g..
#.# .. #.#
#.# #.#


You could see a worm and a gnoll.

Vanquished Creatures
  2 worms (D:2)
  An endoplasm (D:2)
  A giant cockroach (D:1)
  3 hobgoblins
  A quokka (D:1)
  3 ball pythons (D:1)
  A frilled lizard (D:1)
  3 kobolds (D:1)
  3 rats
18 creatures vanquished.

Notes
Turn   | Place    | Note
-------+----------+-------------------------------------------
     0 | D:1      | garrulousMonolith the Octopode Shapeshifter began the quest
                  | for the Orb.
     0 | D:1      | Reached XP level 1. HP: 13/13 MP: 1/1
   247 | D:1      | Reached XP level 2. HP: 18/18 MP: 2/2
   457 | D:1      | Reached skill level 1 in Stealth
   686 | D:2      | Noticed Terence
   707 | D:2      | Slain by a gnoll

Illustrated notes

Levels and vault maps discovered:
D:1:      matt_arrival_spirals, layout_rooms
D:2:      layout_basic, nicolae_wormholes, uniq_terence

Skill      XL: |  1  2 |
---------------+-------+-----
Stealth        | 1 |  1.2
Fighting       | |  1.3
Dodging        | |  2.1
Unarmed Combat | |  3.1
Shapeshifting  | |  3.3

Action                     || total
---------------------------++-------
  Melee: Unarmed           ||    30
         Constrict         ||     9
         Tentacles         ||     8
         Punch             ||     2
    Use: Potion            ||     1
   Stab: Sleeping          ||     1
 Armour: Skin              ||     1
  Dodge: Dodged            ||    18

Table legend: (Time is in decaauts)
 A = Elapsed time spent in this place.
 B = Non-inter-level travel time spent in this place.
 C = Inter-level travel time spent in this place.
 D = Time resting spent in this place.
 E = Time spent auto-exploring this place.
 F = Levels seen in this place.
 G = Mean time per level.
                   A        B        C        D        E       F      G
               +--------+--------+--------+--------+--------+-----+--------+
         Total |    704 |    676 |     28 |     25 |    561 |   2 |  352.0 |
       Dungeon |    704 |    676 |     28 |     25 |    561 |   2 |  352.0 |
               +--------+--------+--------+--------+--------+-----+--------+

Top non-repeatable levels by time:
     D:1: 624 daAuts
     D:2: 80 daAuts
